vorpal, neutral male human Tourist ---- ----------- --.>-------- |.........| |.`........| |.........| |..-----.-.| |.........| |.`|...|`..| |....<....| |...`%`.`.-| |.........| |II`.`..|..| |.........| |.----..--.| |.........| |........|.-- |.........| |.---.-.....------------+| |...|...-...[.......^^^^.| |.....[...---------------- -----..|..| ------- vorpal the Excursionist Experience level: 7 Strength: 17 Dexterity: 12 Constitution: 18 Intelligence: 13 Wisdom: 8 Charisma: 16 Health: 0(66) Energy: 21(21) Def: 14 Gold: 1663 Moves: 8398 Dungeon seed: 4NAA9CkIJZY2HuQU Game ID: vorpal_1530550173 Your Inventory: Coins $ - 1663 gold pieces Weapons a - 5 blessed +2 darts s - 9 +0 darts x - a blessed +1 elven dagger (in quiver) F - a blessed corroded +2 dart I - 4 +0 orcish daggers V - the blessed rustproof +0 Magicbane (weapon in hand) Armor e - an uncursed +3 Hawaiian shirt (being worn) r - an uncursed +0 plate mail (being worn) z - a blessed +1 elven shield (being worn) N - an uncursed +0 elven leather helm (being worn) Comestibles d - 6 uncursed food rations i - 3 uncursed oranges E - an uncursed lizard corpse Scrolls l - 6 uncursed scrolls of magic mapping y - a blessed scroll of earth named earth A - an uncursed scroll of earth B - 2 uncursed scrolls of remove curse J - an uncursed scroll of light Y - an uncursed scroll of food detection Z - an uncursed scroll of teleportation Spellbooks w - an uncursed spellbook of light S - an uncursed spellbook of stone to flesh Potions c - an uncursed potion of fruit juice k - an uncursed potion of invisibility p - a cursed potion of enlightenment O - an uncursed potion of confusion T - an uncursed potion of water U - an uncursed potion of speed Rings o - an uncursed ring of conflict C - a blessed +1 ring of increase accuracy K - an uncursed ring of polymorph Wands j - a wand of secret door detection (0:10) t - a wand of lightning (0:5) v - a wand of light (0:12) D - a wand of cancellation (0:4) G - a wand of create monster (0:12) H - a wand of teleportation (0:7) Tools b - an uncursed mirror g - a +0 unicorn horn h - an uncursed partly used tallow candle (0:12) m - an expensive camera (0:35) n - an uncursed credit card L - an uncursed skeleton key P - 2 cursed tallow candles (0:200) R - an uncursed oil lamp (0:1072) X - an uncursed skeleton key Gems q - 3 uncursed worthless pieces of orange glass Spells and supernatural/magical abilities: Name Level Category Fail Memory l - light 1 divination 100% 95% S - stone to flesh 3 healing 100% 96% W - pray for help -- divine ? -- Your skills at the end: Fighting Skills Weapon Skills dagger [Basic] hammer [Basic] dart [Basic] Spellcasting Skills Final Attributes: You were piously aligned. You were magic-protected. You were telepathic. You are dead. Vanquished creatures: a chameleon 5 wolves 2 leprechauns a mumak a vampire bat a gnome king an orc mummy a dwarf mummy a yeti a Green-elf 3 lizards a housecat a jaguar a white unicorn 12 bugbears a rock mole a pony 2 fog clouds 3 gnome lords a gnomish wizard a kobold mummy a guardian naga hatchling a gray ooze 2 floating eyes a homunculus a kobold lord a kobold shaman 7 hill orcs 4 rothes a rabid rat a centipede 3 giant bats a monkey 4 orc zombies 2 dwarf zombies 5 iguanas a coyote 2 gas spores 15 manes 5 large kobolds 9 hobgoblins 2 giant rats 2 green molds 2 red molds 2 gnomes 7 garter snakes 2 gnome zombies 4 geckos 13 jackals a fox 5 kobolds 5 goblins 3 sewer rats 2 grid bugs 4 bats 9 lichens 4 kobold zombies 6 newts 182 creatures vanquished. Voluntary challenges: You were an atheist. You used a wielded weapon 127 times, starting on turn 1945. You read items or engraved 19 times, starting on turn 2903. You never genocided any monsters. You never polymorphed an object. You never changed form. You used 1 wish, starting on turn 5055. You wished for your your first artifact on turn 5055. You never split a pudding. You wrote Elbereth's name 5 times, starting on turn 3785. You never violated your personal moral code. Dungeon overview: The Dungeons of Doom: levels 1 to 9 Level 1 some fountains a long staircase Level 2 some fountains a long staircase Level 3 a fountain Level 4 a scroll shop, some fountains Level 5 a fountain Level 6 Level 7 Level 8 many fountains Level 9 some fountains stairs to Sokoban Sokoban: levels 7 to 8 Level 7 <- You were here Level 8 stairs to The Dungeons of Doom History has recorded: On T:1 you entered the Dungeons of Doom to retrieve the Amulet of Yendor! On T:804 you advanced to experience level 2. On T:1132 you reached level 2 of The Dungeons of Doom. On T:1579 you advanced to experience level 3. On T:1729 you reached level 3 of The Dungeons of Doom. On T:2232 you advanced to experience level 4. On T:2435 you reached level 4 of The Dungeons of Doom. On T:2712 you reached level 5 of The Dungeons of Doom. On T:3770 you advanced to experience level 5. On T:4566 you advanced to experience level 6. On T:5055 you wished for "blessed rustproof +2 magicbane". On T:5132 you reached level 6 of The Dungeons of Doom. On T:5467 you reached level 7 of The Dungeons of Doom. On T:5798 you reached level 8 of The Dungeons of Doom. On T:6137 you advanced to experience level 7. On T:6357 you reached level 9 of The Dungeons of Doom. On T:6626 you reached level 4 of Sokoban. On T:7402 you reached level 3 of Sokoban. Score breakdown: Gold: 838 ( 9945 points) Experience: 7 levels (13645 points) Exploration: 9 levels ( 18.37%) (12247 points) Discoveries: 12 items ( 4.03%) ( 6020 points) Valuables value: (no points given unless you survive) Artifact value: 3500 (12056 points) Variety of kills: 58 monsters ( 15.22%) (11705 points) Turncount: 8398 turns (-2120 points) Survival: died (score multiplied by 80%) Total score: 50798 Latest messages: Perhaps that's why you cannot move it. With great effort you move the boulder. The Green-elf wields a runed broadsword! The Green-elf swings his runed broadsword. The Green-elf hits! The Green-elf zaps an ebony wand! The sleep ray hits the Green-elf. The sleep ray hits you! The sleep ray bounces! It misses. It is hit! It misses. It hits! (3x) It misses. It hits! The combat suddenly awakens you. The Green-elf zaps a wand of sleep! The sleep ray hits the Green-elf. The sleep ray hits you! The sleep ray bounces! It hits! (2x) It is missed. It misses. It hits! (3x) You die... Final status: Aloha vorpal the Tourist, killed by a Green-elf, while sleeping... You died in Sokoban on dungeon level 7 with 50798 points, and 1663 pieces of gold, after 8398 moves. You were level 7 with a maximum of 66 hit points when you died.